Match 35764666
Unlisted

Match 35764666
End
Selects Italian Combined Arms Battlegroup
Selects Bersaglieri Squad
Bersaglieri Squad
250 Light Carrier
Bersaglieri Squad
Bersaglieri Squad
Construct Light Support Kompanie
Fire Support Elements
Selects Bersaglieri Bolster
MG34 Team
Flakvierling Half-track
2.5-tonne Medical Truck
Selects Breda Model 30 Light Machine Guns
Pak 38 Mechanized Group
Construct Panzerarmee Kommand
Walking Stuka Rocket Launcher
Selects Semovente da 75/18 Assault Gun
Selects Carro Armato M13/40 Light Tank
Carro Armato M13/40 Light Tank
mentoss
Blucelee
金色太阳猫
铱星
De Keuning
Masalko
Exf
Gravey
0
0

Comments sign in to comment!

No comments posted yet!